 Dungeon Crawl Stone Soup version 0.29-a0-993-g4a18f31a58 (webtiles) character file.

Game seed: 10210807689635869861

51405 jlumianski the Severer (level 14, -5/122 HPs)
             Began as a Minotaur Fighter on Aug 1, 2022.
             Was an Elder of Qazlal.
             Killed from afar by a deep elf pyromancer (26 damage)
             ... with a bolt of fire
             ... on level 13 of the Dungeon on Aug 2, 2022.
             The game lasted 01:40:32 (22576 turns).

jlumianski the Severer (Minotaur Fighter)          Turns: 22576, Time: 01:40:33

Health: -5/122     AC: 20    Str: 31    XL:     14   Next: 23%
Magic:  0/20       EV:  8    Int:  5    God:    Qazlal [****..]
Gold:   1708       SH: 21    Dex: 11    Spells: 13/13 levels left

rFire   . . .      SeeInvis .   a - +4 war axe (freeze)
rCold   . . .      Faith    .   t - +0 tower shield
rNeg    . . .      Spirit   +   Z - +1 chain mail {Will+}
rPois   +          Reflect  .   T - +1 hat
rElec   .          Harm     .   r - +1 cloak
rCorr   .          Rampage  .   p - +2 pair of gloves
Will    ++...                   (no boots)
Stlth   ..........              w - amulet of guardian spirit
HPRegen 0.30/turn               i - ring of poison resistance
MPRegen 0.17/turn               s - +6 ring of strength

@: repel missiles
A: horns 2, retaliatory headbutt
a: Renounce Religion, Upheaval, Elemental Force


You were on level 13 of the Dungeon.
You worshipped Qazlal.
Qazlal was greatly pleased with you.
You visited 3 branches of the dungeon, and saw 19 of its levels.

You collected 1708 gold pieces.

Inventory:

Hand Weapons
 a - a +4 war axe of freezing (weapon)
 H - a +1 flail of draining
 S - the +8 sling of Kismet {venom, rN+ SInv}
   (You found it on level 9 of the Dungeon)

   Any ammunition fired from it poisons the flesh of those it strikes.
   rN:        It protects you from negative energy.
   SInv:      It lets you see invisible.
Missiles
 E - 19 poisoned darts (quivered)
 G - a throwing net
 I - 9 boomerangs
 K - 7 javelins
 Q - a curare-tipped dart
Armour
 c - a +0 buckler
 p - a +2 pair of gloves (worn)
 r - a +1 cloak (worn)
 t - a +0 tower shield (worn)
 T - a +1 hat (worn)
 Z - a +1 chain mail of willpower (worn)
Jewellery
 i - a ring of poison resistance (left hand)
 n - a ring of protection from cold
 s - a +6 ring of strength (right hand)
 w - an amulet of guardian spirit (around neck)
 M - an amulet of regeneration
Wands
 l - a wand of roots (17)
 q - a wand of flame (9)
 y - a wand of polymorph (12)
 C - a wand of mindburst (7)
 V - a wand of charming (6)
Scrolls
 b - a scroll of magic mapping
 e - 3 scrolls of poison
 f - 10 scrolls of teleportation
 g - 2 scrolls of butterflies
 h - 3 scrolls of blinking
 m - a scroll of torment
 A - 6 scrolls of fear
 N - a scroll of silence
 O - 2 scrolls of identify
 R - a scroll of enchant weapon
Potions
 d - a potion of might
 j - 3 potions of curing
 k - a potion of invisibility
 o - 3 potions of resistance
 x - 2 potions of attraction
 z - 5 potions of heal wounds
 B - a potion of berserk rage
 L - 5 potions of flight
 W - a potion of haste
 X - 3 potions of lignification
Miscellaneous
 P - a tin of tremorstones (inert)
 Y - a lightning rod (4/4)


   Skills:
 + Level 10.9 Fighting
 + Level 15.8 Axes
 + Level 0.1(10.2) Maces & Flails
 + Level 3.5 Ranged Weapons
 + Level 2.1 Throwing
 + Level 12.4 Armour
 + Level 4.5 Dodging
 - Level 1.0 Stealth
 + Level 10.8 Shields
 * Level 9.7 Invocations
 * Level 9.0 Evocations


You had 13 spell levels left.
You didn't know any spells.
Your spell library contained the following spells:

 Spells                   Type           Power      Damage    Failure   Level
 Apportation              Tloc           0%         N/A       100%        1
 Freeze                   Ice            0%         1d3       100%        1
 Necrotise                Necr           0%         1d4       100%        1
 Shock                    Conj/Air       0%         1d3       100%        1
 Summon Small Mammal      Summ           0%         N/A       100%        1
 Blink                    Tloc           0%         N/A       100%        2
 Ensorcelled Hibernation  Hex/Ice        0%         N/A       100%        2
 Passwall                 Tmut/Erth      0%         N/A       100%        2
 Scorch                   Fire           0%         2d5       100%        2
 Frozen Ramparts          Ice            0%         1d8       100%        3
 Gell's Gravitas          Tloc           0%         N/A       100%        3
 Lesser Beckoning         Tloc           0%         N/A       100%        3
 Swiftness                Air            0%         N/A       100%        3
 Teleport Other           Tloc           0%         N/A       100%        3
 Airstrike                Air            0%         2d(0-16)  100%        4
 Flame Wave               Conj/Fire      0%         2d4       100%        4
 Fulminant Prism          Conj/Hex       0%         3d6       100%        4
 Hailstorm                Conj/Ice       0%         3d3       100%        4
 Iskenderun's Mystic Bla  Conj/Tloc      0%         2d3       100%        4
 Summon Lightning Spire   Summ/Air       0%         N/A       100%        4
 Lee's Rapid Deconstruct  Erth           0%         3d5*      100%        5
 Lightning Bolt           Conj/Air       0%         1d11      100%        5
 Manifold Assault         Tloc           0%         N/A       100%        5
 Dispersal                Tloc           0%         N/A       100%        6
 Summon Cactus Giant      Summ           0%         N/A       100%        6
 Storm Form               Tmut/Air       0%         N/A       100%        7


Dungeon Overview and Level Annotations

Branches:
Dungeon (13/15)            Temple (1/1) D:4            Lair (5/5) D:10
 Shoals (0/4) Lair:2        Snake (0/4) Lair:3        Slime (0/5) Lair:4
    Orc (0/2) D:12
 Vaults: D:13-14

Altars:
Cheibriados
Elyvilon
Fedhas
Gozag
Hepliaklqana
Kikubaaqudgha
Nemelex Xobeh
Okawaru
Qazlal
Ru
Sif Muna
Trog
Uskayaw
Wu Jian
Xom
Yredelemnul
The Shining One
Jiyva


Innate Abilities, Weirdness & Mutations

You have a pair of horns on your head.
You reflexively headbutt those who attack you in melee.


Message History

You completely miss the fire elemental. You block the wraith's attack.
The fire elemental hits you. The fire elemental burns you!
* * * LOW HITPOINT WARNING * * *
You block the wraith's attack.
The deep elf pyromancer casts a spell.
The deep elf pyromancer blinks!
The fire elemental barely misses you. You furiously retaliate!
You headbutt the fire elemental, but do no damage.
The wraith attacks as you move away! You block the wraith's attack.
The fire elemental hits you. The fire elemental burns you!
* * * LOW HITPOINT WARNING * * *
You hit the wraith but do no damage. Your headbutt misses the wraith.
The wraith is moderately damaged.
You closely miss the fire elemental. The wraith hits you but does no damage.
You block the fire elemental's attack. You block the wraith's attack.
The deep elf pyromancer casts a spell.
The deep elf pyromancer blinks!
The fire elemental hits you. The fire elemental burns you!
* * * LOW HITPOINT WARNING * * *
You hit the wraith. You headbutt the wraith!
The wraith is severely damaged.
You closely miss the fire elemental. You block the fire elemental's attack.
The wraith barely misses you. The fire elemental hits you.
The fire elemental burns you!
* * * LOW HITPOINT WARNING * * *
You block the wraith's attack.
You hit the wraith but do no damage.
The wraith is severely damaged.
You closely miss the fire elemental. You block the fire elemental's attack.
You block the wraith's attack.
You slice the wraith!!
You destroy the wraith!
Qazlal accepts your kill.
You barely miss the fire elemental.
You feel yourself speed up. You block the fire elemental's attack.
The fire elemental barely misses you. You block the fire elemental's attack.
The deep elf pyromancer points at you and mumbles some strange words.
The bolt of fire hits you!!
You die...

...$..#.†..###
.......†.....##
#!............###
#.....##........#
###.........<...#
#..............#
#..............#
.......^....e.###
....##..!...@°.#
##....☼.§.##
.#...☼°E...####
........°......#
##........#.....
##............#
##...........#
..##..........
... #...>.....#


You could see a deep elf pyromancer and a fire elemental (summoned).

Vanquished Creatures
  The ghost of Ablaaz the Impaler, a journeyman MfGl of Yredelemnul (Lair:4)
  Snorg (D:11)
  3 boulder beetles
  2 hydras
  2 catoblepae (Lair:4)
  2 two-headed ogres
  7 death yaks (Lair:4)
  2 tengu warriors (D:11)
  Urug (Lair:2)
  4 skeletal warriors (D:11)
  An orange crystal statue (D:12)
  An oklob plant (Lair:4)
  2 ugly things
  A wolf spider (Lair:5)
  A manticore (D:11)
  A guardian serpent (Lair:5)
  9 black mambas
  3 gargoyles
  Joseph (D:9)
  11 cane toads
  7 komodo dragons
  A kobold demonologist (D:12)
  4 trolls
  2 meliai (D:12)
  4 polar bears
  4 hornets
  4 slime creatures (D:11)
  5 blink frogs (Lair:5)
  7 dream sheep (Lair:4)
  Sigmund (D:2)
  A centaur simulacrum (D:13)
  4 spriggans (Lair:4)
  2 wraiths
  24 yaks
  A basilisk (Lair:1)
  4 steam dragons
  14 wyverns
  6 vampire mosquitoes
  A redback (Lair:5)
  Menkaure (D:7)
  6 nagas (Lair:3)
  23 water moccasins
  An acid dragon (D:10)
  5 orc warriors
  2 black bears
  3 ice beasts
  4 wolves
  An ogre (D:5)
  4 centaurs
  A phantom (D:5)
  2 kobold brigands
  Blork the orc (D:4)
  16 bullfrogs
  4 gnoll sergeants
  A scorpion (D:6)
  2 necrophages
  8 killer bees
  5 howler monkeys
  An electric eel (D:6)
  2 jellies (D:5)
  4 hounds
  Crazy Yiuf (D:2)
  5 orc priests
  An iguana (D:6)
  Ijyb (D:3)
  13 orc wizards
  4 hell rats (Lair:5)
  Robin (D:2)
  19 gnolls
  8 adders
  A shadow imp (D:7)
  An ufetubus (D:4)
  A worm (D:3)
  2 dart slugs
  49 orcs
  7 endoplasms
  A giant cockroach (D:1)
  16 goblins
  8 hobgoblins
  A quokka (D:4)
  5 ball pythons
  5 bats
  3 frilled lizards
  16 kobolds
  3 rats
  A butterfly (Lair:1)
422 creatures vanquished.

Vanquished Creatures (collateral kills)
  A fire dragon (D:12)
  3 hydras
  A water moccasin (Lair:4)
5 creatures vanquished.

Vanquished Creatures (others)
  A vampire (D:11)
  34 fungi
  120 plants
155 creatures vanquished.

Grand Total: 582 creatures vanquished

Notes
Turn   | Place    | Note
-------+----------+-------------------------------------------
     0 | D:1      | jlumianski the Minotaur Fighter began the quest for the
                  | Orb.
     0 | D:1      | Reached XP level 1. HP: 19/19 MP: 0/0
   112 | D:1      | Reached XP level 2. HP: 27/27 MP: 1/1
   482 | D:2      | Noticed Robin
   506 | D:2      | Killed Robin
   507 | D:2      | Reached XP level 3. HP: 27/33 MP: 2/2
   512 | D:2      | Reached skill level 3 in Axes
   683 | D:3      | Noticed Ijyb
   694 | D:3      | Killed Ijyb
   903 | D:2      | Reached XP level 4. HP: 33/40 MP: 3/3
  1206 | D:2      | Reached skill level 1 in Dodging
  1233 | D:2      | Noticed Sigmund
  1254 | D:2      | Killed Sigmund
  1255 | D:2      | Reached skill level 5 in Axes
  1255 | D:2      | Reached skill level 5 in Armour
  1255 | D:2      | Reached XP level 5. HP: 45/47 MP: 4/4
  1311 | D:2      | Found a runed translucent door.
  1312 | D:2      | Noticed Crazy Yiuf
  1410 | D:2      | Killed Crazy Yiuf
  1411 | D:2      | Reached XP level 6. HP: 42/53 MP: 5/5
  2824 | D:4      | Found a staircase to the Ecumenical Temple.
  2837 | Temple   | Entered the Ecumenical Temple
  2846 | Temple   | Became a worshipper of Qazlal Stormbringer
  2877 | D:4      | Reached skill level 1 in Ranged Weapons
  2999 | D:4      | Noticed Blork the orc
  3011 | D:4      | Killed Blork the orc
  3012 | D:4      | Reached skill level 6 in Axes
  3015 | D:4      | Found a sacrificial altar of Ru.
  3064 | D:5      | Entered Level 5 of the Dungeon
  3317 | D:4      | Found an opulent altar of Gozag.
  3369 | D:5      | Reached XP level 7. HP: 57/60 MP: 6/6
  3422 | D:4      | Reached skill level 5 in Fighting
  3463 | D:4      | Found a sparkling altar of Nemelex Xobeh.
  3739 | D:5      | Reached skill level 7 in Axes
  3784 | D:5      | Found a hide-covered altar of Uskayaw.
  3879 | D:5      | Reached skill level 1 in Evocations
  4004 | D:5      | Reached XP level 8. HP: 69/69 MP: 7/7
  4036 | D:5      | Found an ancient bone altar of Kikubaaqudgha.
  4036 | D:5      | Found a white marble altar of Elyvilon.
  4036 | D:5      | Found a shimmering altar of Xom.
  4309 | D:6      | Reached skill level 1 in Invocations
  4391 | D:6      | Reached skill level 5 in Shields
  4406 | D:6      | Reached skill level 8 in Axes
  4492 | D:6      | Reached * piety under Qazlal
  4645 | D:7      | Noticed Menkaure
  5342 | D:6      | Found a shimmering blue altar of Sif Muna.
  5564 | D:7      | Killed Menkaure
  5565 | D:7      | Reached XP level 9. HP: 71/75 MP: 7/10
  5605 | D:7      | Reached skill level 9 in Axes
  5898 | D:7      | Reached ** piety under Qazlal
  6126 | D:7      | Reached skill level 10 in Axes
  6953 | D:8      | Found a snail-covered altar of Cheibriados.
  6971 | D:9      | Reached XP level 10. HP: 82/84 MP: 12/12
  6990 | D:9      | Noticed Joseph
  7008 | D:9      | Killed Joseph
  7233 | D:9      | Reached skill level 11 in Axes
  7294 | D:10     | Entered Level 10 of the Dungeon
  7399 | D:9      | Reached *** piety under Qazlal
  7433 | D:9      | Identified the +8 sling of Kismet {venom, rN+ SInv}
  7705 | D:9      | Reached skill level 5 in Invocations
  7777 | D:9      | Reached skill level 5 in Evocations
  7792 | D:9      | Reached skill level 12 in Axes
  8528 | D:10     | Found a staircase to the Lair.
  8995 | D:11     | Noticed a six-headed hydra
  9335 | D:10     | HP: 3/88 [something (17)]
  9676 | D:11     | Noticed a gargoyle
  9697 | D:11     | Killed a gargoyle
  9698 | D:11     | Reached XP level 11. HP: 63/94 MP: 6/14
 10055 | D:11     | Noticed Snorg
 10066 | D:11     | Killed Snorg
 10066 | D:11     | Noticed a two-headed ogre
 10243 | D:10     | Killed a two-headed ogre
 10922 | D:11     | Noticed an eight-headed hydra
 10976 | Lair:1   | Entered Level 1 of the Lair of Beasts
 11191 | Lair:1   | Noticed a four-headed hydra
 11208 | Lair:1   | Killed a four-headed hydra
 11445 | Lair:1   | Noticed a boulder beetle
 11505 | Lair:1   | Killed a boulder beetle
 11506 | Lair:1   | Reached skill level 13 in Axes
 11734 | Lair:1   | Noticed a boulder beetle
 11776 | Lair:1   | Killed a boulder beetle
 11777 | Lair:1   | Reached skill level 1 in Throwing
 12175 | Lair:2   | Noticed Urug
 12673 | Lair:1   | Reached XP level 12. HP: 96/103 MP: 14/16
 12746 | Lair:2   | Found a staircase to the Shoals.
 12751 | Lair:2   | Killed Urug
 12752 | Lair:2   | Reached skill level 10 in Armour
 12752 | Lair:2   | Reached skill level 1 in Stealth
 12841 | Lair:2   | Noticed an eight-headed hydra
 12850 | Lair:2   | Killed an eight-headed hydra
 13927 | Lair:3   | Reached **** piety under Qazlal
 14102 | Lair:3   | Found a staircase to the Snake Pit.
 14264 | Lair:3   | Found a glowing golden altar of the Shining One.
 15115 | Lair:4   | Noticed a death yak
 15118 | Lair:4   | Noticed a catoblepas
 15129 | Lair:4   | Killed a death yak
 15139 | Lair:4   | Killed a catoblepas
 15437 | Lair:4   | Reached skill level 14 in Axes
 15557 | Lair:4   | Found a runed translucent door.
 15557 | Lair:4   | Noticed Ablaaz's ghost (journeyman MfGl)
 16029 | Lair:4   | Found a viscous altar of Jiyva.
 16029 | Lair:4   | Found a staircase to the Slime Pits.
 16150 | Lair:4   | Killed Ablaaz's ghost
 16382 | Lair:5   | Entered Level 5 of the Lair of Beasts
 16382 | Lair:5   | Noticed a death yak
 16382 | Lair:5   | Noticed a death yak
 16382 | Lair:5   | Noticed a death yak
 16382 | Lair:5   | Noticed a death yak
 16382 | Lair:5   | Noticed a death yak
 16382 | Lair:5   | Noticed a death yak
 16390 | Lair:4   | Killed a death yak
 16462 | Lair:4   | Killed a death yak
 16465 | Lair:4   | Killed a death yak
 16466 | Lair:4   | Reached XP level 13. HP: 12/113 MP: 1/18
 16987 | Lair:4   | Reached skill level 10 in Fighting
 17620 | Lair:4   | Reached skill level 15 in Axes
 18040 | Lair:5   | Reached ***** piety under Qazlal
 18342 | Lair:5   | Reached skill level 10 in Shields
 19335 | Lair:5   | Upgraded the game from 0.29-a0-982-gaed3a0c8d8 to
                  | 0.29-a0-993-g4a18f31a58
 20632 | D:11     | Reached XP level 14. HP: 100/122 MP: 16/20
 20897 | D:12     | Found a staircase to the Orcish Mines.
 22576 | D:13     | Killed from afar by a deep elf pyromancer

Illustrated notes

Levels and vault maps discovered:
D:1:      psy_arrival_conway, layout_basic, nrook_mini_vaults
D:2:      layout_basic, roderic_cross_of_infinity, amcnicky_mini_pool_small,
          item_on_display_a, uniq_sigmund, uniq_robin, uniq_crazy_yiuf_cottage
D:3:      layout_basic, uniq_ijyb
D:4:      layout_gridville, mainiacjoe_overflow_boulevard,
          mainiacjoe_overflow_small_starburst, nemelex_dance_club_becter,
          minmay_temple_entry_proselytizer, uniq_blork_the_orc
D:5:      layout_rooms, old_standard_altar, gammafunk_temple_overflow_claw,
          bh_walls_and_bars
D:6:      layout_loops_cross, lemuel_coloured_pillars_altar, serial_bayou_pond_b
D:7:      layout_rooms, uniq_menkaure
D:8:      layout_cave_pools, mainiacjoe_overflow_24_doors
D:9:      layout_loops_ring, uniq_joseph
D:10:     layout_stronghold, david_lair_shrubbed
D:11:     layout_long_grid, special_room [special_room_orc],
          nicolae_two_hexagons, kennysheep_generic_room_15, uniq_snorg
D:12:     dragon1_lemuel, layout_loops_ring, orc_0_dummy, minmay_statue_bubble
D:13:     layout_cave_pools, minmay_starry_boxes
Temple:   cyrus_circular_temple
Lair:1:   layout_chaotic_city, minivault_27, lemuel_fruit_fields,
          grunt_megastairs_4
Lair:2:   layout_gridlike, elwin_shoals_entry_rocks, beast_lair_carwin_1,
          serial_bayou_shore_b, grunt_megastairs_1, uniq_urug
Lair:3:   layout_gridlike, minmay_snake_entry_guardpost_large, basic_altar,
          minivault_19
Lair:4:   wad_woods_settlement, layout_regular_city, slime_entry_1,
          hellmonk_ghost_happy_afterlife, minmay_lair_oklob_items,
          nicolae_lair_yak_garden, serial_bayou_shore_b
Lair:5:   hangedman_lair_tendril_chambers, layout_regular_city, serial_bayou,
          serial_bayou_shore_b, serial_bayou_ford_a, serial_bayou_pond_a,
          serial_bayou_lagoon_a, serial_bayou_pond_a

Skill      XL: |  1  2  3  4  5  6  7  8  9 10 11 12 13 14 |
---------------+-------------------------------------------+-----
Shields        | 4 5 6 8 9 10 | 10.8
Armour         | 4 5 6 7 8 9 10 12 | 12.4
Fighting       | 4 5 6 7 8 9 10 | 10.9
Axes           | 3 5 6 7 8 10 12 13 14 15 | 15.8
Dodging        | 1 2 3 4 |  4.5
Ranged Weapons | 1 2 3 |  3.5
Evocations     | 1 3 4 5 6 7 8 9 |  9.0
Invocations    | 2 4 5 6 8 9 |  9.7
Throwing       | 1 2 |  2.1
Stealth        | 1 |  1.0
Maces & Flails | |  0.1

Action                   |  1- 3 |  4- 6 |  7- 9 | 10-12 | 13-15 || total
-------------------------+-------+-------+-------+-------+-------++-------
Melee: War axe           |    67 |   114 |   224 |   520 |   343 ||  1268
       Headbutt          |     8 |    12 |    49 |   123 |    81 ||   273
       Flail             |       |       |       |       |     3 ||     3
 Fire: Sling             |       |    11 |       |    25 |       ||    36
Throw: Dart              |       |       |       |    24 |     5 ||    29
       Boomerang         |       |       |       |       |     1 ||     1
Invok: Elemental Force   |       |       |       |     2 |     4 ||     6
       Upheaval          |       |       |       |     4 |       ||     4
Evoke: Tin of tremorston |       |       |       |     1 |     2 ||     3
       Wand              |       |       |       |     1 |       ||     1
  Use: Scroll            |       |     9 |    11 |    11 |     3 ||    34
       Potion            |       |       |     1 |     2 |     5 ||     8
 Stab: Petrified         |       |       |       |     3 |       ||     3
       Petrifying        |       |       |       |     1 |       ||     1
       Paralysed         |       |       |       |       |     1 ||     1
Armor: Scale mail        |    28 |       |       |       |       ||    28
       Chain mail        |     4 |    67 |   126 |   185 |   227 ||   609
Dodge: Dodged            |    19 |    45 |   158 |   218 |   144 ||   584
       Repelled          |       |       |       |     1 |     1 ||     2
Block: Buckler           |    13 |    22 |    79 |   248 |   218 ||   580
       Tower shield      |       |       |       |       |   148 ||   148

Table legend: (Time is in decaauts)
 A = Elapsed time spent in this place.
 B = Non-inter-level travel time spent in this place.
 C = Inter-level travel time spent in this place.
 D = Time resting spent in this place.
 E = Time spent auto-exploring this place.
 F = Levels seen in this place.
 G = Mean time per level.
                   A        B        C        D        E       F      G
               +--------+--------+--------+--------+--------+-----+--------+
         Total |  22693 |  22106 |    587 |   4360 |  11480 |  19 | 1194.4 |
       Dungeon |  13883 |  13510 |    373 |   2059 |   7319 |  13 | 1067.9 |
        Temple |     18 |     18 |      0 |      0 |      0 |   1 |   18.0 |
          Lair |   8791 |   8577 |    214 |   2301 |   4160 |   5 | 1758.2 |
               +--------+--------+--------+--------+--------+-----+--------+

Top non-repeatable levels by time:
  Lair:4: 3264 daAuts
    D:11: 1977 daAuts
  Lair:1: 1946 daAuts
    D:12: 1760 daAuts
    D:10: 1719 daAuts
  Lair:5: 1470 daAuts
     D:3: 1328 daAuts
     D:6: 1310 daAuts
  Lair:3: 1194 daAuts
     D:9: 1105 daAuts
     D:7: 1082 daAuts
     D:2: 1018 daAuts
  Lair:2: 915 daAuts
     D:5: 826 daAuts
     D:4: 689 daAuts
